Match 38997901
Unlisted

Match 38997901
End
Construct Barracks
Riflemen Squad
1⁄4-ton 4x4 Truck
Selects Armored Battlegroup
Selects Veteran Crews
Riflemen Squad
Riflemen Squad
Grenade Package
Construct Medical Station
Riflemen Squad
Mechanized Support Center
Construct Weapon Support Center
M3 75 mm Gun Motor Carriage
M1918 Browning Automatic Rifles
Riflemen Squad
Designate Forward Repair Station
Engineer Squad
.30 cal Machine Gun
Construct Tank Depot
Selects M31 Recovery Vehicle
Selects War Machine
Selects Fast Deploy
Selects M8 Scott SPG
Selects UNKNOWN (2160077)
M4A3E8 Sherman Easy Eight
Riflemen Squad
M4A3E8 Sherman Easy Eight
Rapid Repairs
Designate Forward Repair Station
M18 Hellcat Tank Destroyer
Engineer Squad
M4A3E8 Sherman Easy Eight
Designate Forward Repair Station
M4A3E8 Sherman Easy Eight
Designate Forward Repair Station
M4A3E8 Sherman Easy Eight
Engineer Squad
M4A3E8 Sherman Easy Eight
Bruistablet
4IRT
CommissarJuriSprite
Bobex
0
0

Comments sign in to comment!

No comments posted yet!